Map: Bel'Shir Vestige LE (Void)

Players

Musumeci - Winner!

  • Race: Zerg Zerg
  • League: Diamond
  • Spawn Location: 11:00

KuNO

  • Race: Terran Terran
  • League: Diamond
  • Spawn Location: 5:00

VOD

Have the link to the VOD?

Description

Time

  • Played on: March 31, 2017, 6:14 p.m.
  • Length: 10:25
Show
View Real Time Build Order
Export as new Build Order

Musumeci Zerg - Winner!

Build Orders: Hatch First 

Get SALT Encoding   

  12  0:01  Drone  
  13  0:07  Drone  
  13  0:14  Extractor  
  13  0:15  Drone  
  15  0:42  Hatchery  
  14  0:45  Drone, Extractor  
  15  1:03  Spawning Pool  
  14  1:05  Extractor  
  14  1:06  Drone  
  14  1:12  Extractor  
  14  1:13  Drone  
  16  1:18  Overlord  
  16  1:36  Drone x2  
  16  1:39  Drone  
  19  1:50  Queen, Drone  
  22  1:55  Queen  
  22  1:58  Drone  
  25  2:04  Overlord  
  25  2:07  Drone  
  26  2:13  Drone  
  27  2:26  Queen  
  27  2:27  Drone  
  27  2:28  Drone x2, Extractor  
  31  2:34  Queen  
  34  2:40  Drone  
  34  2:41  Drone  
  34  2:43  Drone, Extractor  
  36  2:47  Overlord  
  37  3:24  Overlord x2  
  37  3:25  Drone x6  
  43  3:27  Extractor  
  43  3:30  Extractor  
  43  3:32  Roach Warren  
  40  3:35  Hatchery  
  39  3:49  Drone  
  39  3:50  Drone x7  
  47  3:59  Evolution Chamber  
  47  4:01  Drone x2  
  48  4:04  Overlord  
  48  4:12  Evolution Chamber  
  47  4:19  Roach x5  
  57  4:36  Roach x3  
  63  4:40  Drone, Extractor  
  63  4:45  Extractor  
  62  4:50  Drone x3  
  62  4:51  Spore Crawler x2  
  62  4:52  Drone x3, Spore Crawler  
  65  4:55  Lair  
  65  5:05  Roach x3  
  71  5:09  Drone  
  71  5:11  Drone x2  
  74  5:22  Overlord  
  74  5:23  Overlord x3  
  74  5:36  Overlord x4  
  74  5:42  Zerg Missile Weapons Level 1  
  76  5:43  Roach x4  
  82  5:50  Overlord x2  
  82  5:51  Overlord  
  82  5:54  Glial Reconstitution  
  82  5:56  Zerg Ground Armor Level 1  
  82  6:00  Drone x3  
  85  6:17  Drone  
  85  6:18  Drone x10  
  96  6:28  Zergling x2  
  96  6:29  Zergling x2  
  96  6:31  Ravager  
  96  6:32  Ravager x2  
  101  6:37  Spore Crawler x2  
  101  6:38  Drone x5  
  101  6:39  Drone x2  
  106  6:42  Roach, Extractor  
  106  6:43  Extractor  
  106  6:49  Ravager x3  
  103  7:12  Queen  
  103  7:14  Drone x16  
  105  7:43  Drone x2  
  99  7:44  Drone x3  
  99  7:45  Drone  
  99  7:46  Drone x5  
  108  8:01  Spore Crawler  
  108  8:02  Spore Crawler  
  106  8:28  Roach x9  
  106  8:29  Roach x4  
  106  8:31  Ravager x4  
  136  8:36  Spine Crawler  
  136  8:38  Spine Crawler  
  134  8:43  Queen  
  134  8:46  Spine Crawler  
  134  8:47  Spine Crawler x2  
  133  8:51  Roach  
  133  8:52  Hatchery, Roach x5  
  133  8:54  Overlord  
  144  8:57  Overlord  
  144  9:16  Spore Crawler  
  143  9:35  Roach x11  
  154  9:57  Extractor x2  
Show
View Real Time Build Order
Export as new Build Order

KuNO Terran 

Build Orders: Reaper Expand, MMM Bio 

Get SALT Encoding   

  12  0:01  SCV  
  13  0:13  SCV  
  14  0:17  Supply Depot  
  14  0:25  SCV  
  15  0:39  SCV  
  15  0:41  Barracks  
  16  0:44  Refinery  
  16  0:51  SCV  
  17  1:03  SCV  
  18  1:15  SCV  
  19  1:28  Orbital Command  
  19  1:29  Reaper  
  20  1:38  Command Center  
  20  1:50  Supply Depot  
  20  1:55  SCV  
  21  2:01  Barracks Reactor  
  21  2:07  Barracks  
  21  2:08  SCV  
  22  2:23  Factory  
  22  2:26  SCV  
  22  2:28  Refinery  
  23  2:38  SCV, Marine x2  
  25  2:55  SCV  
  25  2:56  Barracks Tech Lab  
  26  3:07  SCV, Marine x2  
  29  3:16  Marine  
  29  3:18  Stimpack  
  29  3:20  Orbital Command  
  29  3:25  Marine x2  
  29  3:26  SCV  
  32  3:32  Starport, Factory Reactor  
  32  3:37  Marine  
  32  3:38  SCV  
  34  3:42  Marine  
  34  3:43  Marine  
  34  3:46  SCV  
  37  3:51  SCV  
  37  3:55  Barracks, Marine  
  39  3:58  SCV  
  39  4:00  Marine x2  
  42  4:03  SCV  
  42  4:07  Supply Depot  
  43  4:14  Supply Depot  
  43  4:16  SCV x2  
  45  4:18  Marine  
  46  4:25  Refinery  
  46  4:26  Engineering Bay  
  46  4:28  Marine x2  
  46  4:30  Medivac x2  
  52  4:35  SCV x2  
  54  4:43  Marine  
  54  4:44  Supply Depot  
  55  4:45  Barracks Reactor  
  55  4:46  Marine x2  
  55  4:52  Terran Infantry Weapons Level 1  
  57  4:54  SCV x2  
  59  5:01  Marine, Supply Depot  
  59  5:05  Medivac  
  59  5:06  Medivac  
  64  5:10  SCV x2  
  64  5:12  Refinery  
  66  5:17  Marine  
  66  5:18  Marine  
  66  5:19  Marine  
  69  5:24  Supply Depot  
  69  5:25  SCV x2  
  71  5:36  Supply Depot  
  71  5:37  SCV x2  
  73  5:45  Widow Mine  
  73  5:47  Marine x4  
  73  5:48  Marauder  
  81  6:04  Marine  
  81  6:05  Marine x3  
  81  6:09  Marauder  
  81  6:11  Command Center  
  85  6:18  Combat Shields  
  87  6:22  Engineering Bay  
  87  6:27  Supply Depot  
  87  6:28  Medivac x2, Supply Depot, Factory Reactor  
  89  6:46  Marine x4  
  93  6:49  Marauder  
  88  7:36  Concussive Shells  
  78  7:51  Marine x3  
  78  7:52  Marauder, Marine  
  74  8:04  Armory  
  74  8:05  SCV x2, Barracks, Factory  
  77  8:06  Orbital Command  
  77  8:07  Barracks  
  77  8:09  Widow Mine x2, Marine x4  
  77  8:10  Barracks, Medivac x2  
  88  8:13  Marine  
  88  8:17  SCV  
  90  8:27  Marine x4  
  90  8:31  Marauder  
  96  8:40  Widow Mine x2  
  100  8:45  Orbital Command, SCV x2, Marine x4  
  106  8:53  Marauder  
  106  8:55  Engineering Bay  
  108  8:57  SCV x2  
  108  8:59  Barracks Reactor x2, Supply Depot, Barracks Tech Lab  
  108  9:00  Factory Tech Lab  
  108  9:01  Supply Depot  
  110  9:14  Marauder  
  110  9:16  Marine x4  
  116  9:17  Widow Mine x2  
  116  9:18  Siege Tank  
  116  9:23  SCV x3  
  116  9:36  Marauder  
  117  9:52  Marine x2  
  104  9:53  Marine x6  
  104  9:56  Marauder  
  104  9:57  Marauder  
Tags
 
Add a new tag
Caveats
  • Supply blocks, unpowered buildings, or Contaminate may cause inaccurate times.
  • Supply counts are checked every 10 seconds.